 Dungeon Crawl Stone Soup version 0.28.0-55-gcd9437bce4 (webtiles) character file.

Game seed: 13453393749814512188

21214 cbfl8 the Severer (level 12, -5/110 HPs)
             Began as a Minotaur Berserker on Jan 11, 2023.
             Was a High Priest of Trog.
             Slain by an ettin
             ... wielding a +0 dire flail
              (21 damage)
             ... on level 12 of the Dungeon on Jan 13, 2023.
             The game lasted 00:17:57 (16449 turns).

cbfl8 the Severer (Minotaur Berserker)             Turns: 16449, Time: 00:17:58

Health: -5/110     AC: 21    Str: 28    XL:     12   Next: 52%
Magic:  11/11      EV: 15    Int:  8    God:    Trog [*****.]
Gold:   627        SH:  0    Dex: 14    Spells: 11/11 levels left

rFire   . . .      SeeInvis +   F - +7 broad axe of Tentacled Valour {flame, Str+5 Int+4}
rCold   . . .      Faith    .   (no shield)
rNeg    . . .      Spirit   .   L - +1 plate armour {Will+}
rPois   .          Reflect  .   r - +2 hat {SInv}
rElec   .          Harm     .   l - +0 cloak {Stlth+}
rCorr   .          Rampage  .   v - +0 pair of gloves
Will    ++...                   M - +0 pair of boots
Stlth   ..........              J - amulet of the acrobat
HPRegen 0.28/turn               i - +4 ring of evasion
MPRegen 0.12/turn               G - ring of willpower

@: no status effects
A: horns 2, retaliatory headbutt
a: Renounce Religion, Berserk, Trog's Hand, Brothers in Arms


You were on level 12 of the Dungeon.
You worshipped Trog.
Trog was extremely pleased with you.
You visited 1 branch of the dungeon, and saw 12 of its levels.

You collected 888 gold pieces.
You spent 261 gold pieces at shops.

Inventory:

Hand Weapons
 w - a +4 battleaxe
 F - the +7 broad axe of Tentacled Valour (weapon) {flame, Str+5 Int+4}
   (You bought it in a shop on level 7 of the Dungeon)

   It burns those it strikes, dealing additional fire damage.
   Big, fiery blades are also staple armaments of hydra-hunters.
   Str:       It affects your strength (+5).
   Int:       It affects your intelligence (+4).
Armour
 l - a +0 cloak of stealth (worn)
 r - a +2 hat of see invisible (worn)
 v - a +0 pair of gloves (worn)
 L - a +1 plate armour of willpower (worn)
 M - a +0 pair of boots (worn)
Jewellery
 a - a ring of magical power
 i - a +4 ring of evasion (left hand)
 D - a ring of resist corrosion
 G - a ring of willpower (right hand)
 I - a ring of poison resistance
 J - an amulet of the acrobat (around neck)
Wands
 t - a wand of charming (12)
 y - a wand of polymorph (4)
 C - a wand of paralysis (2)
Scrolls
 b - 2 scrolls of magic mapping
 c - a scroll of blinking
 d - 6 scrolls of fear
 e - 2 scrolls of teleportation
 m - 2 scrolls of enchant armour
 n - a scroll of holy word
 o - a scroll of immolation
 q - a scroll of fog
 A - a scroll of enchant weapon
 B - a scroll of amnesia {unknown}
 H - a scroll of summoning
 K - a scroll of torment {unknown}
Potions
 f - 2 potions of mutation {unknown}
 g - 2 potions of heal wounds {unknown}
 h - 2 potions of attraction {unknown}
 j - 3 potions of degeneration {unknown}
 k - 7 potions of curing
 p - 3 potions of lignification {unknown}
 s - a potion of magic {unknown}
 u - a potion of cancellation {unknown}
 x - a potion of haste {unknown}
 z - a potion of ambrosia {unknown}
 E - a potion of might


   Skills:
 * Level 11.5 Fighting
 * Level 16.9 Axes
 + Level 8.8 Armour
 + Level 7.7 Dodging
 * Level 3.4 Stealth
 * Level 6.6 Evocations


You had 11 spell levels left.
You didn't know any spells.
Your spell library was empty.

Dungeon Overview and Level Annotations

Branches:
Dungeon (12/15)            Temple (0/1) D:4            Lair (0/6) D:11
    Orc (0/2) D:12

Altars:
Wu Jian
Beogh

Shops:
D:5 [   D:7 (*=   D:12 (

Annotations:
D:12 2 transporters, cbfl8's ghost, journeyman DsBe


Innate Abilities, Weirdness & Mutations

You have a pair of horns on your head.
You reflexively headbutt those who attack you in melee.


Message History

You start waiting.
You feel a strong urge to attack something.
You start waiting.
You feel your anger nearly subside.
You start waiting.
You are no longer berserk.
You are exhausted.
You feel yourself slow down.
You start waiting.
You feel yourself speed up.
You start waiting.
You recover from your berserk rage.
You start waiting.
Found a club.
Found a stone staircase leading down.
An ettin comes into view. It is wielding two +0 dire flails.
The ettin shouts in stereo!
The ettin misses you. The ettin barely misses you.
The ettin closely misses you. x2
The ettin misses you. x2
You slice the ettin!! You burn the ettin.
The ettin is moderately wounded.
The ettin barely misses you.
The ettin hits you with a +0 dire flail.
You slash the ettin! You burn the ettin. You headbutt the ettin.
The ettin is heavily wounded.
You barely miss the ettin.
The ettin is heavily wounded.
The ettin hits you with a +0 dire flail!!!
The ettin closely misses you.
You slash the ettin! You burn the ettin!
The ettin is almost dead.
The ettin hits you with a +0 dire flail!!!
* * * LOW HITPOINT WARNING * * *
The ettin hits you with a +0 dire flail!
* * * LOW HITPOINT WARNING * * *
You hit the ettin but do no damage.
The ettin is severely wounded.
The ettin hits you with a +0 dire flail!!
You die...

.................#
.................#
.................#
...............>.#
.................#
.................#
.................#
..............>.C#
................@#
##################


You could see an ettin.

Vanquished Creatures
  Gastronok (D:11)
  A deep elf annihilator (D:12)
  Snorg (D:10)
  A fire dragon (D:12)
  Fannar (D:10)
  3 boulder beetles
  A hydra (D:12)
  2 centaur warriors
  3 two-headed ogres
  Sonja (D:10)
  A manticore (D:11)
  2 cyclopes (D:12)
  2 ugly things (D:12)
  A black mamba (shapeshifter) (D:12)
  A gargoyle (D:11)
  An unseen horror (D:12)
  2 kobold demonologists (D:11)
  Psyche (D:8)
  A troll (D:11)
  2 shadows
  Grum (D:8)
  A vampire (D:9)
  A steam dragon (D:9)
  2 wargs (D:10)
  Edmund (D:4)
  2 acid dragons
  14 orc warriors
  A sky beast (D:7)
  2 necrophages (D:5)
  3 ogres
  7 centaurs
  4 wolves (D:8)
  A phantom (D:5)
  4 kobold brigands
  A bullfrog (D:8)
  2 gnoll sergeants
  A scorpion (D:7)
  A water moccasin zombie (D:5)
  2 water moccasin skeletons (D:5)
  13 killer bees
  2 howler monkeys
  4 wights (D:7)
  5 centaur zombies
  3 bullfrog zombies
  3 hounds
  11 orc priests
  A centaur skeleton (D:5)
  Crazy Yiuf (D:2)
  A bullfrog skeleton (D:5)
  10 orc wizards
  6 iguanas
  A hound skeleton (D:5)
  Robin (D:2)
  A howler monkey zombie (D:9)
  14 gnolls
  2 adders
  2 white imps
  2 adder skeletons
  A dart slug (D:5)
  75 orcs
  2 ball pythons
  6 endoplasms
  A giant cockroach (D:4)
  20 goblins
  7 hobgoblins
  7 jackals
  4 quokkas
  4 bats
  3 frilled lizards
  30 kobolds
  2 quokka skeletons (D:4)
  3 rats
328 creatures vanquished.

Vanquished Creatures (others)
  An orc (D:5)
  A plant (D:11)
2 creatures vanquished.

Grand Total: 330 creatures vanquished

Notes
Turn   | Place    | Note
-------+----------+-------------------------------------------
     0 | D:1      | cbfl8 the Minotaur Berserker began the quest for the Orb.
     0 | D:1      | Reached XP level 1. HP: 19/19 MP: 0/0
   968 | D:2      | Reached XP level 2. HP: 27/27 MP: 1/1
   969 | D:2      | Noticed Robin
   975 | D:2      | Reached skill level 4 in Axes
   983 | D:2      | Killed Robin
   984 | D:2      | Reached XP level 3. HP: 28/33 MP: 2/2
   986 | D:2      | Reached ** piety under Trog
  1744 | D:2      | Found a runed translucent door.
  1745 | D:2      | Noticed Crazy Yiuf
  1919 | D:2      | Killed Crazy Yiuf
  1920 | D:2      | Reached skill level 5 in Axes
  1920 | D:2      | Reached XP level 4. HP: 41/41 MP: 3/3
  2470 | D:3      | Found a faded altar of an unknown god.
  2496 | D:3      | Reached XP level 5. HP: 42/47 MP: 4/4
  2688 | D:3      | Reached skill level 1 in Evocations
  3362 | D:4      | Noticed an ogre
  3372 | D:4      | Killed an ogre
  3373 | D:4      | Reached skill level 6 in Axes
  3430 | D:4      | Reached XP level 6. HP: 45/55 MP: 5/5
  3521 | D:4      | Noticed Edmund
  3531 | D:4      | Killed Edmund
  3532 | D:4      | Reached skill level 5 in Fighting
  3819 | D:4      | Found a staircase to the Ecumenical Temple.
  3864 | D:4      | Reached skill level 1 in Stealth
  4634 | D:5      | Entered Level 5 of the Dungeon
  4639 | D:5      | Reached XP level 7. HP: 60/61 MP: 6/6
  4725 | D:5      | Reached skill level 7 in Axes
  4794 | D:5      | Found Fyl Wot's Antique Armour Boutique.
  4797 | D:5      | Reached *** piety under Trog
  5423 | D:5      | Reached skill level 8 in Axes
  5423 | D:5      | Reached XP level 8. HP: 70/70 MP: 7/7
  5560 | D:5      | Reached skill level 5 in Armour
  6379 | D:6      | Reached skill level 9 in Axes
  7110 | D:7      | Found Duetoz's General Store.
  7157 | D:7      | Reached skill level 5 in Dodging
  7368 | D:7      | Found Wuvakhis's Antique Weapon Shoppe.
  7376 | D:7      | Bought a masterwork broad axe for 261 gold pieces
  7376 | D:7      | Identified the +7 broad axe of Tentacled Valour {flame,
                  | Str+5 Int+4} (You bought it in a shop on level 7 of the
                  | Dungeon)
  7513 | D:7      | Reached XP level 9. HP: 77/78 MP: 8/8
  7534 | D:7      | Found Zovvole's Jewellery Emporium.
  7596 | D:7      | You fall into a shaft and drop 1 floor!
  7889 | D:8      | Reached skill level 10 in Axes
  7893 | D:8      | Reached **** piety under Trog
  8208 | D:8      | Noticed Psyche
  8210 | D:8      | Noticed Grum
  8217 | D:8      | Killed Psyche
  8218 | D:8      | Reached skill level 11 in Axes
  8224 | D:8      | Killed Grum
  9005 | D:9      | Identified the +7 short sword of Ymy Ziddamn {flame, Dex+3}
  9057 | D:9      | Found an ornate altar of the Wu Jian Council.
  9064 | D:9      | Reached skill level 12 in Axes
  9149 | D:9      | Reached XP level 10. HP: 67/86 MP: 7/9
  9166 | D:9      | Identified the +11 war axe "Rattiqae" {vorpal, Int+3 SInv}
  9169 | D:9      | Noticed a two-headed ogre
  9176 | D:9      | Killed a two-headed ogre
  9209 | D:9      | Reached ***** piety under Trog
  9819 | D:10     | Entered Level 10 of the Dungeon
  9819 | D:10     | Noticed Sonja
  9819 | D:10     | Noticed Snorg
  9844 | D:10     | Noticed a centaur warrior
 10384 | D:10     | Killed Snorg
 10385 | D:10     | Reached skill level 13 in Axes
 10385 | D:10     | Reached skill level 5 in Evocations
 10473 | D:10     | Noticed Fannar
 10485 | D:10     | Killed Fannar
 10652 | D:10     | Killed Sonja
 11600 | D:10     | Killed a centaur warrior
 11601 | D:10     | Reached skill level 14 in Axes
 11601 | D:10     | Reached XP level 11. HP: 71/97 MP: 7/10
 11765 | D:11     | Noticed a two-headed ogre
 11765 | D:11     | Found a staircase to the Lair.
 12063 | D:10     | Killed a two-headed ogre
 12693 | D:11     | Noticed a boulder beetle
 12708 | D:12     | Noticed a six-headed hydra
 12711 | D:12     | Noticed a two-headed ogre
 13262 | D:11     | Reached skill level 10 in Fighting
 13775 | D:10     | Killed a boulder beetle
 13776 | D:10     | Reached skill level 15 in Axes
 14473 | D:11     | Noticed Gastronok
 14485 | D:11     | Killed Gastronok
 14697 | D:11     | Killed a two-headed ogre
 15185 | D:12     | Killed a three-headed hydra
 15186 | D:12     | Reached XP level 12. HP: 108/108 MP: 11/11
 15389 | D:12     | Reached skill level 16 in Axes
 15437 | D:12     | Found Heygep's Antique Weapon Shop.
 15529 | D:12     | Found a staircase to the Orcish Mines.
 15543 | D:12     | Received a gift from Trog
 15547 | D:12     | Noticed a boulder beetle
 15578 | D:12     | Killed a boulder beetle
 15649 | D:12     | Noticed a fire dragon
 15664 | D:12     | Killed a fire dragon
 15682 | D:12     | Noticed a deep elf annihilator
 15709 | D:12     | Noticed a centaur warrior
 15718 | D:12     | Killed a centaur warrior
 15811 | D:12     | Noticed a boulder beetle
 15818 | D:12     | Killed a boulder beetle
 15829 | D:12     | Noticed a centaur warrior
 16196 | D:12     | Identified the +4 dire flail "Spiderslayer" {speed, rElec
                  | Will+ Str+3 Int+4}
 16196 | D:12     | Noticed a two-headed ogre
 16197 | D:12     | Noticed a two-headed ogre
 16197 | D:12     | Noticed cbfl8's ghost (journeyman DsBe)
 16197 | D:12     | Noticed a two-headed ogre
 16197 | D:12     | Noticed a two-headed ogre
 16198 | D:12     | Found a transporter.
 16198 | D:12     | Noticed a two-headed ogre
 16198 | D:12     | Noticed a two-headed ogre
 16199 | D:12     | Noticed a two-headed ogre
 16201 | D:12     | Found a transporter.
 16269 | D:12     | Killed a deep elf annihilator
 16435 | D:12     | Noticed an ettin
 16449 | D:12     | Slain by an ettin

Illustrated notes

Levels and vault maps discovered:
D:1:      minmay_arrival_up_and_down, layout_basic
D:2:      layout_rooms, uniq_crazy_yiuf_cottage, uniq_robin
D:3:      cheibrodos_greedy_goblins, layout_basic, nicolae_ecumenical_oubliette
D:4:      layout_basic, minmay_temple_entry_sparse_star, cheibrodos_gnoll_hut,
          uniq_edmund
D:5:      layout_cave_pods, serial_shops, shop, grunt_ministairs_9,
          grunt_decor_one_mirror, corner_web_ring
D:6:      layout_basic
D:7:      layout_basic, serial_shops, shop, nicolae_stop_n_shop_2,
          kennysheep_mini, nicolae_shop_overgrown_old_shop
D:8:      layout_cave_pods, uniq_grum, uniq_psyche
D:9:      layout_cave_pools, nicolae_overflow_crystal_walls, st_stairs_11
D:10:     layout_cave_pods, special_room [special_room_orc], uniq_sonja,
          uniq_fannar, uniq_snorg
D:11:     layout_small_grid, erik_lair_orcish_takeover, uniq_gastronok
D:12:     minmay_guarded_unrand_guard, layout_long_grid, david_orc_5,
          special_room [special_room_orc], gammafunk_ghost_smash, serial_shops,
          shop, hangedman_decor_push, kennysheep_dice

Skill      XL: |  1  2  3  4  5  6  7  8  9 10 11 12 |
---------------+-------------------------------------+-----
Axes           | 4 5 6 8 9 12 14 15 16 | 16.9
Fighting       | 4 5 6 7 9 10 11 | 11.5
Evocations     | 1 2 3 4 5 6 |  6.6
Armour         | 3 4 5 6 7 8 |  8.8
Dodging        | 3 4 5 6 7 |  7.7
Stealth        | 1 2 3 |  3.4

Action                   |  1- 3 |  4- 6 |  7- 9 | 10-12 || total
-------------------------+-------+-------+-------+-------++-------
Melee: Hand axe          |    55 |    96 |   142 |       ||   293
       Headbutt          |     8 |    13 |    51 |    61 ||   133
       Punch             |     1 |       |     3 |     6 ||    10
       Broad axe         |       |       |    66 |   274 ||   340
Invok: Berserk           |     3 |     3 |     4 |    12 ||    22
       Trog's Hand       |       |       |       |     2 ||     2
Evoke: Wand              |       |       |       |    11 ||    11
  Use: Scroll            |       |       |    12 |     4 ||    16
       Potion            |       |       |       |     1 ||     1
 Stab: Sleeping          |       |     4 |       |       ||     4
Armor: Animal skin       |     2 |       |       |       ||     2
       Ring mail         |    22 |    16 |       |       ||    38
       Scale mail        |       |     4 |    37 |       ||    41
       Chain mail        |       |       |    52 |    52 ||   104
       Plate armour      |       |       |       |    60 ||    60
Dodge: Dodged            |    39 |    68 |   182 |   215 ||   504
